 Dungeon Crawl Stone Soup version 0.27.0-66-gdc8fb28755 (webtiles) character file.

Game seed: 2663439235495565092

297 hawla the Grave Robber (level 6, -7/52 HPs)
             Began as a Deep Elf Necromancer on Aug 19, 2021.
             Mangled by a yak (10 damage)
             ... on level 4 of the Dungeon.
             The game lasted 00:13:45 (4738 turns).

hawla the Grave Robber (Deep Elf Necromancer)       Turns: 4738, Time: 00:13:45

Health: -7/52      AC:  3    Str:  2 (5)  XL:     6   Next: 12%
Magic:  14/14      EV: 13    Int: 19 (22) God:
Gold:   145        SH:  0    Dex: 14 (15) Spells: 5/13 levels left

rFire    . . .     SeeInvis .   d - +0 dagger (venom)
rCold    . . .     Faith    .   (no shield)
rNeg     . . .     Spirit   .   a - +0 robe
rPois    .         Reflect  .   m - +0 helmet
rElec    .         Harm     .   (no cloak)
rCorr    .         Rampage  .   (no gloves)
Will     .....                  (no boots)
Stlth    ..........             (no amulet)
HPRegen  0.17/turn              (no ring)
MPRegen  0.14/turn              (no ring)

@: berserking, attractive, very quick
A: no striking features
a: no special abilities


You were on level 4 of the Dungeon.
You visited 1 branch of the dungeon, and saw 4 of its levels.

You collected 145 gold pieces.

Inventory:

Hand Weapons
 d - a +0 dagger of venom (weapon)
Missiles
 e - 8 poisoned darts
 o - 2 javelins
Armour
 a - a +0 robe (worn)
 m - a +0 helmet (worn)
Jewellery
 g - a ring of fire
 k - a ring of resist corrosion
Scrolls
 c - 2 scrolls of teleportation
 i - a scroll of enchant weapon {unknown}
 n - 3 scrolls of magic mapping {unknown}
Potions
 b - a potion of flight
 h - 3 potions of haste


   Skills:
 + Level 2.1 Fighting
 + Level 0.5 Throwing
 + Level 4.1 Dodging
 + Level 3.0 Stealth
 + Level 4.2 Spellcasting
 + Level 6.0 Necromancy
 + Level 2.1 Earth Magic


You had 5 spell levels left.
You knew the following spells:

 Your Spells              Type           Power      Damage    Failure   Level
a - Pain                  Necr           100%       1d9       1%          1
b - Vampiric Draining     Necr           13%        2d7       3%          3
c - Animate Dead          Necr           13%        N/A       12%         4

Your spell library contained the following spells:

 Spells                   Type           Power      Damage    Failure   Level
 Animate Skeleton         Necr           52%        N/A       1%          1
 Agony                    Necr           26%        N/A       32%         5
 Ignite Poison            Fire/Tmut/Pois 4%         N/A       38%         3
 Mephitic Cloud           Conj/Pois/Air  4%         N/A       38%         3
 Bolt of Magma            Conj/Fire/Erth 3%         4d5       95%         5


Dungeon Overview and Level Annotations

Branches:
Dungeon (4/15)
 Temple: D:4-7

Altars:
Dithmenos
Okawaru
Yredelemnul

Shops:
D:1 *   D:2 (*?

Annotations:
D:2 fly to the needle


Message History

There is an open door here. 2 yaks come into view.
There are monsters nearby!
There are monsters nearby!
Casting: Vampiric Draining (dangerous; 2% risk of failure)
Confirm with . or Enter, or press ? or * to list all spells.
The spell is quite dangerous to cast (10% risk of failure)!
Continue anyway?
You call on the dead to rise...
The dead are hopping!
Found 19 stones.
You start resting.
Magic restored.
You swap places. 2 yaks come into view.
A yak comes into view.
The yak bellows! x2
An iguana comes into view.
You swap places.
The yak enters a dispersal trap!
The yak blinks!
Your quokka zombie blinks!
The yak blinks! x6
Your quokka zombie blinks!
You blink.
The yak blinks!
The yak misses you. The yak barely misses you. The yak closely misses you.
You hit the yak but do no damage.
The yak is poisoned.
The yak gores you.
It was a potion of degeneration.
There was something very wrong with that liquid.
You feel weakened.
You feel dopey.
You feel clumsy. The yak gores you! The yak barely misses you.
It was a potion of attraction.
You feel attractive to monsters.
Your quokka zombie bites the yak.
The yak gores you!
* * * LOW HITPOINT WARNING * * *
The yak gores you!
* * * LOW HITPOINT WARNING * * *
A red film seems to cover your vision as you go berserk!
You feel yourself moving faster!
You feel mighty!
Your quokka zombie barely misses the yak.
The iguana barely misses you. The yak barely misses you.
The yak gores your quokka zombie! The yak gores you!
You die...

###########.#
#......>...
#........############
#....................
#######'#############
####.## #.....#
########.....#
#....^YY@l...###
#.....YYY......#
#......Z.#####.# #...
#........# #.# ##...
#.......?. ..# .....
#.......... ..# .....
#..........ยง...#
.....
########.....(..
..... #......## .....


You could see 5 yaks, an iguana and a friendly quokka zombie.

Vanquished Creatures
  A howler monkey (D:4)
  A hound (D:4)
  Terence (D:2)
  An orc wizard (D:3)
  Robin (D:2)
  2 adders
  4 gnolls (D:3)
  An ufetubus (D:4)
  A worm (D:2)
  2 dart slugs
  6 orcs (D:3)
  5 ball pythons
  3 bats
  7 endoplasms
  5 giant cockroaches
  16 goblins
  11 hobgoblins
  7 jackals
  6 kobolds
  A quokka (D:4)
  2 frilled lizards
  4 rats
  2 bushes (D:2)
90 creatures vanquished.

Vanquished Creatures (collateral kills)
  An endoplasm (D:3)
1 creature vanquished.

Vanquished Creatures (others)
  4 plants (D:2)
4 creatures vanquished.

Grand Total: 95 creatures vanquished

Notes
Turn   | Place    | Note
-------+----------+-------------------------------------------
     0 | D:1      | hawla the Deep Elf Necromancer began the quest for the Orb.
     0 | D:1      | Reached XP level 1. HP: 10/10 MP: 6/6
   169 | D:1      | Reached skill level 5 in Necromancy
   170 | D:1      | Reached skill level 1 in Earth Magic
   372 | D:1      | Reached XP level 2. HP: 13/15 MP: 6/8
  1120 | D:1      | Found a faded altar of an unknown god.
  1149 | D:1      | Found Vyllyil's Assorted Antiques.
  1162 | D:1      | Reached XP level 3. HP: 15/20 MP: 9/9
  1470 | D:2      | Noticed Terence
  1476 | D:2      | Killed Terence
  1481 | D:2      | Learned a level 3 spell: Vampiric Draining
  1582 | D:2      | Found Vahukaw's General Store.
  1588 | D:2      | Reached XP level 4. HP: 19/24 MP: 4/11
  1807 | D:2      | Noticed Robin
  1995 | D:2      | Reached skill level 1 in Fighting
  2006 | D:2      | Learned a level 4 spell: Animate Dead
  2129 | D:2      | Found Paesm's Antique Weapon Shop.
  2415 | D:2      | Found Ycwuxalua's Magic Scroll Boutique.
  2566 | D:2      | Killed Robin
  3576 | D:3      | Found a shadowy altar of Dithmenos.
  3581 | D:3      | Found a basalt altar of Yredelemnul.
  3618 | D:3      | Reached skill level 6 in Necromancy
  3618 | D:3      | Reached XP level 5. HP: 16/29 MP: 6/13
  4428 | D:4      | Found an iron altar of Okawaru.
  4549 | D:4      | Reached XP level 6. HP: 24/35 MP: 8/14
  4693 | D:4      | Noticed a yak
  4693 | D:4      | Noticed a yak
  4729 | D:4      | Noticed a yak
  4729 | D:4      | Noticed a yak
  4730 | D:4      | Noticed a yak
  4738 | D:4      | Mangled by a yak

Illustrated notes

Levels and vault maps discovered:
D:1:      nzn_arrival_water_spiral, layout_loops_cross, serial_shops,
          nicolae_shop_overgrown_old_shop, shapermc_ecumenical_altar_petra,
          feat_on_display
D:2:      layout_basic, serial_forest, infiniplex_forest_clump_small,
          infiniplex_forest_straight_4, infiniplex_forest_clump_long,
          infiniplex_forest_end_3, infiniplex_forest_straight_1,
          infiniplex_forest_lined_corner, infiniplex_forest_lined_room_2,
          infiniplex_forest_straight_2, serial_shops, nicolae_shop_behind_doors,
          shop, nicolae_shop_waterfront, corexii_item_surrounded_by_moat,
          minmay_hedge_maze, uniq_terence, uniq_robin
D:3:      minmay_spotlight, layout_rooms, grunt_dithmenos_smoke,
          yredelemnul_altar_generic, minmay_misc_feat_five, grunt_ministairs_5,
          minmay_splitting_lines
D:4:      layout_basic, lemuel_blue_sif_altar, lemuel_round_altar

Skill      XL: |  1  2  3  4  5 |
---------------+----------------+-----
Necromancy     | 5 6 |  6.0
Earth Magic    | 1 2 |  2.1
Dodging        | 3 4 |  4.1
Stealth        | 3 |  3.0
Fighting       | 1 2 |  2.1
Spellcasting   | 4 |  4.2
Throwing       | |  0.5

Action                   |  1- 3 |  4- 6 || total
-------------------------+-------+-------++-------
Melee: Dagger            |    37 |   215 ||   252
 Cast: Pain              |    22 |    21 ||    43
       Vampiric Draining |     2 |    19 ||    21
       Animate Dead      |       |     9 ||     9
  Use: Scroll            |     2 |     7 ||     9
       Potion            |       |     6 ||     6
 Stab: Sleeping          |     6 |     5 ||    11
       Invisible         |       |     2 ||     2
Armor: Robe              |     7 |    30 ||    37
Dodge: Dodged            |    23 |   116 ||   139
